 Dungeon Crawl Stone Soup version 0.22.1-1-ga44c0e56f4 (webtiles) character file.

70 Descartes the Sneak (level 4, -9/38 HPs)
             Began as a Naga Wanderer on Nov 10, 2018.
             Mangled by an orc warrior
             ... wielding a +0 trident
              (12 damage)
             ... on level 2 of the Dungeon.
             The game lasted 00:08:19 (1995 turns).

Descartes the Sneak (Naga Wanderer)                 Turns: 1995, Time: 00:08:19

Health: -9/38      AC:  4    Str: 14    XL:     4   Next: 22%
Magic:  5/5        EV: 10    Int: 14    God:
Gold:   77         SH:  0    Dex: 10    Spells: 4/5 levels left

rFire    . . .     SeeInvis +   a - +2 dagger
rCold    . . .     Gourm    .   (no shield)
rNeg     . . .     Faith    .   d - +0 robe
rPois    +         Spirit   .   (no helmet)
rElec    .         Reflect  .   (no cloak)
rCorr    .         Harm     .   m - +1 pair of gloves {archery}
MR       .....                  (no barding)
Stlth    ++........             (no amulet)
HPRegen  0.12/turn              c - ring of see invisible
MPRegen  0.09/turn              (no ring)

@: very slow
A: large, see invisible, deformed body, poison resistance, slowness 2, slow
metabolism 1, spit poison 1, AC +1
a: Spit Poison


You were on level 2 of the Dungeon.
You were not hungry.

You visited 1 branch of the dungeon, and saw 2 of its levels.

You collected 77 gold pieces.

Inventory:

Hand Weapons
 a - a +2 dagger (weapon)
 b - a +0 hunting sling
 p - a +1 short sword of holy wrath
 s - a +2 dagger of speed
Missiles
 n - 5 stones (quivered)
 o - 37 arrows
Armour
 d - a +0 robe (worn)
 m - a +1 pair of gloves of archery (worn)
Jewellery
 c - a ring of see invisible (left hand)
Scrolls
 g - a scroll of immolation {unknown}
 i - a scroll of identify {unknown}
 j - a scroll of remove curse {unknown}
 q - a scroll of fear
 r - a scroll of enchant armour {unknown}
 u - a scroll of fog {unknown}
Potions
 e - a potion of curing
 h - a potion of ambrosia {unknown}
 k - a potion of cancellation {unknown}
 l - 2 potions of degeneration {unknown}
Comestibles
 f - 2 rations
 t - a chunk of flesh


   Skills:
 - Level 1.0 Fighting
 * Level 1.8 Short Blades
 + Level 1.5 Dodging
 * Level 4.5 Stealth
   Level 1.0 Shields
 - Level 2.0 Unarmed Combat
 + Level 1.2 Spellcasting
 - Level 2.0 Translocations
   Level 1.3 Poison Magic


You had 4 spell levels left.
You knew the following spells:

 Your Spells              Type           Power        Failure   Level  Hunger
a - Apportation           Tloc           #.....       12%         1    ##.....

Your spell library contained the following spells:

 Spells                   Type           Power        Failure   Level  Hunger
 Recall                   Summ/Tloc      N/A          45%         3    ####...


Dungeon Overview and Level Annotations

Branches:
Dungeon (2/15)

Altars:


Innate Abilities, Weirdness & Mutations

You cannot wear boots.
Your serpentine skin is tough. (AC +1)
You have supernaturally acute eyesight. (SInv)
Armour fits poorly on your strangely shaped body.
Your system is resistant to poisons. (rPois)
You cover ground very slowly.
You have a slow metabolism.
You can spit poison.


Message History

The goblin barely misses you.
An orc comes into view. It is wielding a whip.
You miss the goblin.
The orc warrior hits you from afar with a trident!
An adder comes into view.
The goblin hits you.
The orc shouts!
The adder hisses angrily.
You hit the goblin.
You kill the goblin!
The orc warrior barely misses you.
An orc wizard comes into view. It is wielding a dagger.
The orc wizard shouts!
The orc warrior hits you with a trident!
* * * LOW HITPOINT WARNING * * *
You see here a club.
You hit the orc warrior but do no damage.
The orc warrior hits you with a trident!
* * * LOW HITPOINT WARNING * * *
The orc warrior hits you from afar with a trident!
You die...

#..###...## ### .# #
#..# ##.###.#.. ..#.#
#..####.###.#.## ..#.#
....#.....# ... ....###
..........# #.# ....<.#
..........###.###......#
..........##...#.......#
#...#.(......#†........#
.###.#######...#@#.....
#.# ##.##)# ### .#
#.##o# #.##o#
..g...ooS..#
####........# #..#.###.#
#.###. # o# #


You could see an orc warrior, 2 orc wizards, an adder and an orc.

Vanquished Creatures
  A gnoll (D:1)
  2 adders (D:2)
  An ooze (D:2)
  2 dart slugs (D:1)
  A leopard gecko (D:1)
  A ball python (D:2)
  A giant cockroach (D:2)
  7 goblins
  3 hobgoblins (D:1)
  3 bats
  2 frilled lizards (D:1)
  4 kobolds
  7 rats
35 creatures vanquished.

Notes
Turn   | Place    | Note
-------+----------+-------------------------------------------
     0 | D:1      | Descartes the Naga Wanderer began the quest for the Orb.
     0 | D:1      | Descartes set off with: a +2 dagger, a scroll of fear, a +0
                  | robe, a ration
     0 | D:1      | Reached XP level 1. HP: 18/18 MP: 1/1
   570 | D:1      | Reached XP level 2. HP: 25/25 MP: 2/2
   573 | D:1      | Learned a level 1 spell: Apportation
   869 | D:1      | Reached skill level 1 in Short Blades
  1064 | D:1      | Reached XP level 3. HP: 13/31 MP: 2/4
  1477 | D:1      | Reached skill level 4 in Stealth
  1556 | D:1      | Reached skill level 1 in Spellcasting
  1726 | D:2      | Reached XP level 4. HP: 4/38 MP: 5/5
  1732 | D:2      | HP: 1/38 [poisoned by an adder]
  1982 | D:2      | Noticed an orc warrior
  1995 | D:2      | Mangled by an orc warrior

Skill      XL: |  1  2  3 |
---------------+----------+-----
Short Blades   | 1 |  1.8
Stealth        | 4 |  4.5
Spellcasting   | 1 |  1.2
Fighting       | |  1.0
Dodging        | |  1.5
Shields        | |  1.0
Unarmed Combat | |  2.0
Translocations | |  2.0
Poison Magic   | |  1.3

Action                   |  1- 3 |  4- 6 || total
-------------------------+-------+-------++-------
Melee: Dagger            |   101 |    15 ||   116
 Abil: Spit Poison       |     2 |       ||     2
  Use: Potion            |       |     1 ||     1
 Stab: Sleeping          |     7 |     2 ||     9
  Eat: Chunk             |     1 |     1 ||     2
Armor: Robe              |    20 |     3 ||    23
Dodge: Dodged            |    44 |     6 ||    50
